 Dungeon Crawl Stone Soup version 0.13-a0-2301-g23820b6 (webtiles) character file.

247 Kae the Firebug (level 4, 0/24 HPs)
             Began as a Tengu Fire Elementalist on July 8, 2013.
             Slain by tesudzi's ghost (10 damage)
             ... on Level 4 of the Dungeon.
             The game lasted 00:04:38 (3468 turns).

Kae the Firebug (Tengu Fire Elementalist)           Turns: 3468, Time: 00:04:38

HP   0/24        AC  2     Str  9      XL: 4   Next: 89%
MP   1/9         EV 12     Int 16      God:
Gold 138         SH  0     Dex 15      Spells:  3 memorised,  1 level left

Res.Fire  : + . .   See Invis. : .   t - staff of fire (curse)
Res.Cold  : . . .   Warding    : .   a - +0 robe
Life Prot.: . . .   Conserve   : .   (no shield)
Res.Poison: .       Res.Corr.  : .   (helmet restricted)
Res.Elec. : .       Clarity    : .   (no cloak)
Sust.Abil.: . .     Spirit.Shd : .   (no gloves)
Res.Mut.  : .       Stasis     : .   (boots unavailable)
Res.Rott. : .       Flight     : .   (no amulet)
Saprovore : . . .                    r - ring of sustenance
                                     p - +1 ring of dexterity

@: slightly resistant to hostile enchantments, fairly stealthy
A: beak, talons 3
a: no special abilities


You were on level 4 of the Dungeon.
You were hungry.

You visited 1 branch of the dungeon, and saw 4 of its levels.

You collected 118 gold pieces.

Inventory:

Hand weapons
 f - a +1,+3 mace of crushing
Armour
 a - a +0 robe (worn)
Comestibles
 c - 3 bread rations
 g - a choko
 h - a slice of pizza
 l - 2 apples
Scrolls
 d - 6 scrolls of identify
 i - a scroll of teleportation {unknown}
 j - a scroll of amnesia
 k - 4 scrolls of remove curse
 o - a scroll of fog
 u - a scroll of enchant armour {unknown}
Jewellery
 p - a +1 ring of dexterity (left hand)
 r - a ring of sustenance (right hand)
Potions
 e - 2 potions of restore abilities {unknown}
 m - a potion of slowing {unknown}
 n - 2 potions of resistance
 v - 2 potions of flight {unknown}
 w - a potion of heal wounds {unknown}
Books
 b - a book of Flames

   Spells                             Type                      Level
   *Flame Tongue                      Conjuration/Fire             1
   *Throw Flame                       Conjuration/Fire             2
   *Conjure Flame                     Conjuration/Fire             3
   Inner Flame                        Hexes/Fire                   3
   Sticky Flame                       Conjuration/Fire             4
   Fireball                           Conjuration/Fire             5
Magical staves
 t - a cursed staff of fire (weapon)


   Skills:
 + Level 0.7 Maces & Flails
 - Level 2.1 Dodging
 - Level 2.0 Stealth
 + Level 2.0 Spellcasting
 * Level 3.4 Conjurations
 * Level 4.4 Fire Magic
 + Level 0.4 Evocations


You had one spell level left.
You knew the following spells:

 Your Spells              Type           Power        Failure   Level  Hunger
a - Flame Tongue          Conj/Fire      ###..        6%          1    #......
b - Throw Flame           Conj/Fire      ###...       10%         2    ###....
c - Conjure Flame         Conj/Fire      ###.....     14%         3    ####...


Dungeon Overview and Level Annotations

Branches:
Dungeon (4/27)
 Temple: D:4-7

Altars:

Annotations
D:4 tesudzi's ghost, average GrEE


Innate Abilities, Weirdness & Mutations

You have a beak for a mouth.
You have claws for feet.


Message History

Casting: Flame Tongue
Confirm with . or Enter, or press ? or * to list all spells.
Aiming: Flame Tongue
Press: ? - help, Shift-Dir - straight line, f/p - tesudzi's ghost
Aim: tesudzi's ghost (moderately damaged)
You feel a surge of power!
The flame hits tesudzi's ghost.
Tesudzi's ghost appears unharmed.
Tesudzi's ghost is moderately damaged.
Tesudzi's ghost hits you.
Casting: Flame Tongue
Confirm with . or Enter, or press ? or * to list all spells.
Aiming: Flame Tongue
Press: ? - help, Shift-Dir - straight line, f/p - tesudzi's ghost
Aim: tesudzi's ghost (moderately damaged)
You feel a surge of power!
The flame hits tesudzi's ghost.
Tesudzi's ghost appears unharmed.
Tesudzi's ghost is moderately damaged.
You are feeling hungry.
Tesudzi's ghost hits you!
You die...

##### ##..%##
#.....## ###
#...... ..# ..!..
#.# ... #.# ###
##p## #.#
...#####.@.# #.#
#.......#........
#<#
#..###.#..######
#<# #..##.###.#
#.# #..[.## #.#
#.########.##.#
## #..........#
#.# ############
#.# ##


You could see tesudzi's ghost.

Vanquished Creatures
  Terence (D:2)
  2 adders (D:3)
  A worm (D:2)
  3 giant geckos
  An ooze (D:2)
  An orc (D:3)
  9 hobgoblins
  7 kobolds
  A ball python (D:1)
  7 bats
  7 giant cockroaches
  4 giant newts
  13 goblins
  10 rats
67 creatures vanquished.

Vanquished Creatures (others)
  A rat (D:2)
1 creature vanquished.

Grand Total: 68 creatures vanquished

Notes
Turn   | Place    | Note
--------------------------------------------------------------
     0 | D:1      | Kae, the Tengu Fire Elementalist, began the quest for the Orb.
     0 | D:1      | Reached XP level 1. HP: 10/10 MP: 3/3
   211 | D:1      | Reached XP level 2. HP: 12/15 MP: 5/5
  1028 | D:1      | Reached XP level 3. HP: 19/19 MP: 5/7
  1427 | D:2      | Reached skill level 4 in Fire Magic
  2100 | D:2      | Reached XP level 4. HP: 24/24 MP: 8/8
  2234 | D:2      | Noticed Terence
  2247 | D:2      | Killed Terence
  2456 | D:3      | Learned a level 2 spell: Throw Flame
  2460 | D:3      | Learned a level 3 spell: Conjure Flame
  3461 | D:4      | Noticed tesudzi's ghost (average GrEE)
  3468 | D:4      | Slain by tesudzi's ghost

Action                   |  1- 3 |  4- 6 || total
-------------------------+-------+-------++-------
Melee: Mace              |    66 |     2 ||    68
       Staff             |       |     4 ||     4
 Cast: Flame Tongue      |    29 |    37 ||    66
       Throw Flame       |       |     3 ||     3
  Use: Scroll            |       |     8 ||     8
 Stab: Sleeping          |     3 |       ||     3
